 Dungeon Crawl Stone Soup version 0.30-a0-862-g1aabd4f9c5 (webtiles) character file.

Game seed: 15046797478446508634

14476 cheesebisquit the Grappler (level 11, -1/94 HPs)
             Began as a Troll Fighter on Mar 9, 2023.
             Was a Priest of Okawaru.
             Slain by a meliai
             ... wielding a +1 heavy war axe
              (11 damage)
             ... on level 3 of the Abyss.
             The game lasted 00:45:42 (8709 turns).

cheesebisquit the Grappler (Troll Fighter)          Turns: 8709, Time: 00:45:43

Health: -1/94      AC:  8    Str: 42    XL:     11   Next: 89%
Magic:  14/14      EV:  8    Int:  4    God:    Okawaru [***...]
Gold:   533        SH:  9    Dex:  9    Spells: 10/10 levels left

rFire   . . .      SeeInvis .      - Unarmed
rCold   . . .      Faith    .    b - +0 kite shield
rNeg    . . .      Spirit   .    J - +0 acid dragon scales
rPois   .          Reflect  .    (helmet restricted)
rElec   .          Rampage  .    (no cloak)
rCorr   +                        (gloves unavailable)
Will    .....                    (boots unavailable)
Stlth   +                        (no amulet)
HPRegen 1.15/turn                t - +6 ring of strength
MPRegen 0.14/turn                H - +6 ring of strength

@: unable to drink
A: large, unfitting armour, claws 3, regeneration 1, shaggy fur 1, tough skin 1,
sense surroundings 1, robust 1, [frail 2], [inability to drink after injury 2]
a: Renounce Religion, Heroism


You were on level 3 of the Abyss.
You worshipped Okawaru.
Okawaru was most pleased with you.
You visited 2 branches of the dungeon, and saw 11 of its levels.
You visited the Abyss 1 time.
You also visited: Bailey.

You collected 750 gold pieces.
You spent 217 gold pieces at shops.

Inventory:

Hand Weapons
 i - a +0 morningstar
 q - a +1 flail of holy wrath
Missiles
 c - 2 curare-tipped darts
 r - 2 silver boomerangs
 w - 10 boomerangs (quivered)
 z - 63 stones
 C - 40 poisoned darts
 L - 2 javelins
Armour
 b - a +0 kite shield (worn)
 J - +0 acid dragon scales (worn)
Magical Staves
 m - a staff of earth
Jewellery
 t - a +6 ring of strength (left claw)
 G - a ring of magical power
 H - a +6 ring of strength (right claw)
Wands
 s - a wand of roots (17)
 v - a wand of polymorph (4)
Scrolls
 e - 6 scrolls of teleportation
 g - 3 scrolls of amnesia
 h - 3 scrolls of poison
 j - a scroll of torment
 k - 2 scrolls of immolation
 l - 3 scrolls of enchant weapon
 n - 2 scrolls of noise
 u - a scroll of vulnerability
 y - a scroll of brand weapon
 A - a scroll of silence
 F - 3 scrolls of identify
Potions
 a - a potion of attraction {unknown}
 d - a potion of degeneration
 f - a potion of mutation
 o - 3 potions of cancellation
 p - a potion of resistance
 x - 3 potions of brilliance
 B - 4 potions of curing
 D - a potion of lignification
 E - a potion of flight
 K - a potion of heal wounds


   Skills:
 + Level 6.0 Fighting
 + Level 10.2 Throwing
 + Level 1.4 Armour
 - Level 2.4 Dodging
 + Level 6.6 Shields
 + Level 11.8 Unarmed Combat
 + Level 5.8 Invocations


You had 10 spell levels left.
You didn't know any spells.
Your spell library contained the following spells:

 Spells                   Type           Power      Damage    Failure   Level
 Lesser Beckoning         Tloc           0%         N/A       91%         2
 Inner Flame              Hex/Fire       0%         N/A       99%         3
 Teleport Other           Tloc           0%         N/A       99%         3
 Flame Wave               Conj/Fire      0%         2d4       100%        4
 Petrify                  Tmut/Erth      0%         N/A       100%        4
 Sticky Flame             Conj/Fire      0%         2d3       100%        4
 Summon Forest            Summ/Tloc      Unusable   N/A       N/A         5

Dungeon Overview and Level Annotations

Branches:
Dungeon (10/15)            Temple (1/1) D:7          Bailey (visited)
   Lair: D:8-11         Orc: D:9-12

Altars:
Ashenzari
Cheibriados
Dithmenos
Elyvilon
Fedhas
Gozag
Hepliaklqana
Kikubaaqudgha
Makhleb
Nemelex Xobeh
Okawaru
Qazlal
Ru
Sif Muna
Trog
Uskayaw
Vehumet
Wu Jian
Xom
Yredelemnul
Zin
The Shining One

Shops:
D:5 [   D:6 *   D:7 =

Annotations:
D:4 3 runed translucent doors, sjgraves's ghost, amateur MeHu
D:10 Erolcha


Innate Abilities, Weirdness & Mutations

You are too large for most types of armour.
You have claws for hands.
Your natural rate of healing is unusually fast.
You are covered in fur. (AC +1)
You have tough skin. (AC +1)
You passively map a small area around you.
You are robust. (+10% HP)
[You are very frail. (-20% HP)]
[You sometimes lose the ability to drink potions when taking damage.]


Message History

You assume a fearsome visage.
The meliai looks frightened!
The wretched star is unaffected.
The green very ugly thing looks frightened!
The wretched star is unaffected.
The meliai looks frightened!
A meliai comes into view. It is wielding a +0 war axe.
The meliai moves out of view.
Okay, then.
You feel much better.
The wretched star pulses with an eldritch light!
You occasionally lose the ability to drink potions when taking damage.
You lose the ability to drink potions when taking damage more often.
Found a runelight.
The wretched star glows turbulently.
The lance of force hits you!!
You feel threatened and lose the ability to drink potions!
* * * LOW HITPOINT WARNING * * *
You are knocked back by the lance of force.
Found a runelight.
You cannot drink potions in your current state!
Really read the scroll of immolation?
You can't even see any enemies this would affect.
Okay, then.
You are too injured to fight recklessly!
Attack: -) Claws
Press: ? - help, Dir - move target, f - you
Okay, then.
The meliai calls down the wrath of its god upon you.
Something smites you!
* * * LOW HITPOINT WARNING * * *
The wretched star pulses with an eldritch light!
You feel frail. x2
The ynoxinul bellows!
The quasit gives a chilling moan.
You mangle the meliai!!
The meliai is almost dead.
The meliai invokes the aid of its god against you.
Something smites you!
* * * LOW HITPOINT WARNING * * *
You completely miss the meliai.
The meliai is almost dead.
The meliai hits you with a +1 heavy war axe!
You die...

#.#.. .##.##...
. #
#.....y..#.....
##.
###.....#..#...#
....#
##*......#..##
#.......#. .#
...###§.###.#..#
#...3y# ..##
.###§# .##.. #
#.y@# . ##...§.#
#....5...#
#....§....#
..######..## ##.
.#.. . .#.. #
.#.#


You could see a wretched star, a ynoxinul, 2 meliai and a quasit.

Vanquished Creatures
  3 two-headed ogres
  A large abomination (Abyss:2)
  A wretched star (Abyss:2)
  An orc knight (Bailey)
  Joseph (D:9)
  2 kobold demonologists
  A troll (D:6)
  A ynoxinul (Abyss:2)
  5 yaks (D:9)
  A wraith (D:7)
  3 wyverns
  3 chaos spawn (Abyss:2)
  Menkaure (D:7)
  An acid dragon (D:9)
  3 water moccasins
  A small abomination (Abyss:2)
  Duvessa (D:6)
  8 orc warriors
  2 ice beasts
  An ogre (D:6)
  2 centaurs
  A phantom (D:6)
  9 kobold brigands (D:9)
  A bullfrog (D:6)
  2 scorpions
  4 wights (D:8)
  8 killer bees
  Dowan (D:6)
  A howler monkey (D:6)
  A quasit (Abyss:2)
  6 hounds
  6 jellies
  2 gnoll boudas (D:7)
  7 orc priests
  3 iguanas
  A sleepcap (D:5)
  9 orc wizards
  9 gnolls
  2 river rats (D:5)
  6 adders
  2 white imps
  An ufetubus (D:4)
  2 worms
  3 dart slugs
  54 orcs
  3 ball pythons
  8 endoplasms
  6 giant cockroaches
  10 goblins
  5 hobgoblins
  4 jackals
  2 quokkas
  5 bats
  A frilled lizard (D:3)
  13 kobolds
  10 rats
251 creatures vanquished.

Notes
Turn   | Place    | Note
-------+----------+-------------------------------------------
     0 | D:1      | cheesebisquit the Troll Fighter began the quest for the
                  | Orb.
     0 | D:1      | Reached XP level 1. HP: 22/22 MP: 0/0
   213 | D:1      | Reached XP level 2. HP: 21/29 MP: 1/1
   269 | D:1      | Reached skill level 3 in Unarmed Combat
   697 | D:2      | Reached XP level 3. HP: 36/36 MP: 2/2
  1607 | D:3      | Found a faded altar of an unknown god.
  1640 | D:3      | You fall into a shaft and drop 3 floors!
  1646 | D:5      | Entered Level 5 of the Dungeon
  1666 | D:5      | Reached skill level 1 in Throwing
  1666 | D:5      | Reached skill level 4 in Unarmed Combat
  1666 | D:5      | Reached XP level 4. HP: 11/44 MP: 3/3
  1712 | D:5      | Found a hazy altar of Hepliaklqana.
  1725 | D:5      | Found Gicla's Armour Boutique.
  1731 | D:5      | Noticed a phantom
  1754 | D:6      | Killed a phantom
  1755 | D:6      | Reached XP level 5. HP: 44/50 MP: 4/4
  1778 | D:5      | Noticed an ice beast
  1787 | D:5      | Gained mutation: You are robust. (+10% HP) [potion of
                  | mutation]
  1787 | D:5      | Gained mutation: You passively map a small area around you.
                  | [potion of mutation]
  1805 | D:4      | Killed an ice beast
  1806 | D:4      | Reached skill level 5 in Unarmed Combat
  1937 | D:3      | Reached XP level 6. HP: 64/64 MP: 5/5
  2505 | D:4      | Found the +8 frozen axe "Frostbite" {freeze, freezing
                  | cloud, *Noise Fly rC+}
  2606 | D:4      | Reached skill level 6 in Unarmed Combat
  2711 | D:4      | Found a runed translucent gate.
  2711 | D:4      | Found a runed translucent gate.
  2711 | D:4      | Found a runed translucent gate.
  2712 | D:4      | Noticed sjgraves's ghost (amateur MeHu)
  2961 | D:4      | Reached XP level 7. HP: 72/72 MP: 6/6
  3399 | D:5      | Noticed a two-headed ogre
  3411 | D:5      | Killed a two-headed ogre
  3412 | D:5      | Reached skill level 8 in Unarmed Combat
  3412 | D:5      | Reached XP level 8. HP: 47/81 MP: 7/7
  3620 | D:5      | Reached skill level 5 in Throwing
  3833 | D:5      | Reached skill level 9 in Unarmed Combat
  3993 | D:6      | Found a shimmering blue altar of Sif Muna.
  3993 | D:6      | Found an opulent altar of Gozag.
  4075 | D:6      | Found Weexzun's Assorted Antiques.
  4079 | D:6      | Bought a scroll of enchant weapon for 217 gold pieces
  4353 | D:6      | Noticed a troll
  4371 | D:6      | Killed a troll
  4409 | D:6      | Found a radiant altar of Vehumet.
  4494 | D:6      | Noticed Dowan
  4495 | D:6      | Noticed Duvessa
  4502 | D:6      | Killed Duvessa
  4503 | D:6      | Reached skill level 10 in Unarmed Combat
  4503 | D:6      | Reached XP level 9. HP: 86/88 MP: 8/8
  4509 | D:6      | Killed Dowan
  5061 | D:7      | Found a staircase to the Ecumenical Temple.
  5090 | Temple   | Entered the Ecumenical Temple
  5180 | Temple   | Became a worshipper of Warmaster Okawaru
  5288 | D:7      | Found a flagged portal.
  5312 | Bailey   | Entered a bailey
  5671 | Bailey   | Reached * piety under Okawaru
  5718 | Bailey   | Got Puawkoto's Compendium of the Translocational Quarry
  5719 | Bailey   | Noticed an orc knight
  5860 | Bailey   | Killed an orc knight
  5861 | Bailey   | Reached skill level 1 in Invocations
  5902 | Bailey   | Reached skill level 5 in Shields
  5902 | Bailey   | Reached skill level 11 in Unarmed Combat
  5902 | Bailey   | Reached XP level 10. HP: 103/103 MP: 9/12
  6037 | D:7      | Found Isuneyty's Jewellery Emporium.
  6107 | D:7      | Noticed Menkaure
  6109 | D:7      | Killed Menkaure
  6830 | D:8      | Noticed a two-headed ogre
  6840 | D:8      | Killed a two-headed ogre
  6841 | D:8      | Reached XP level 11. HP: 101/111 MP: 11/13
  6843 | D:8      | Reached skill level 5 in Fighting
  6987 | D:8      | Reached ** piety under Okawaru
  7635 | D:9      | Reached skill level 5 in Invocations
  7773 | D:9      | Noticed a sixfirhy
  7797 | D:9      | Reached *** piety under Okawaru
  7904 | D:9      | Noticed a two-headed ogre
  7909 | D:9      | Killed a two-headed ogre
  7946 | D:9      | Noticed Joseph
  7952 | D:9      | Killed Joseph
  7953 | D:9      | Reached skill level 10 in Throwing
  8367 | D:10     | Entered Level 10 of the Dungeon
  8457 | D:10     | Noticed Erolcha
  8488 | Abyss:2  | Cast into level 2 of the Abyss (Erolcha)
  8607 | Abyss:2  | Reached skill level 1 in Armour
  8624 | Abyss:2  | Noticed a wretched star
  8634 | Abyss:2  | Killed a wretched star
  8634 | Abyss:2  | Received a gift from Okawaru
  8638 | Abyss:2  | Noticed a large abomination
  8643 | Abyss:2  | Killed a large abomination
  8679 | Abyss:2  | Found a runed translucent gate.
  8680 | Abyss:2  | Found a runed translucent gate.
  8682 | Abyss:2  | Found a runed translucent gate.
  8692 | Abyss:3  | Noticed a wretched star
  8692 | Abyss:3  | Noticed a green very ugly thing
  8692 | Abyss:3  | Found a broken altar of Ashenzari.
  8694 | Abyss:3  | Noticed a wretched star
  8709 | Abyss:3  | Slain by a meliai

Illustrated notes

Levels and vault maps discovered:
D:1:      saegor_arrival_simple_c, layout_basic, minmay_domino_2
D:2:      layout_loops_corners, minmay_misc_feat_tower
D:3:      layout_loops_ring, basic_ecumenical_altar
D:4:      layout_gridville, gammafunk_ghost_nasty_kobolds
D:5:      layout_rooms, kennysheep_mini, serial_shops, nicolae_shop_trees,
          portal_sewer_entry_e, cheibrodos_gnoll_hut
D:6:      layout_loops_ring, mainiacjoe_overflow_tiny_flanked,
          mainiacjoe_overflow_divided_tiny, serial_shops,
          nicolae_shop_behind_doors, corexii_shack,
          kennysheep_opposing_triangles, uniq_duvessa, uniq_crazy_yiuf_cottage
D:7:      layout_basic, minmay_temple_entry_mini_moons, enter_bailey_3,
          serial_shops, nicolae_shop_window_shopping,
          chequers_serial_rivers_micro_d, uniq_menkaure
D:8:      layout_basic, nicolae_titane
D:9:      layout_roguey, special_room [special_room_kobold], uniq_joseph
D:10:     layout_rooms, serial_bayou_crossing, uniq_maurice, uniq_erolcha
Temple:   dpeg_three_leaves_temple
Abyss:3:  base: Sewer, evilmike_abyss_exit_13, grunt_abyss_rune_wretched_hive

Skill      XL: |  1  2  3  4  5  6  7  8  9 10 11 |
---------------+----------------------------------+-----
Unarmed Combat | 3 4 5 6 8 10 11 | 11.8
Throwing       | 1 2 3 4 5 9 10 | 10.2
Shields        | 5 6 |  6.6
Invocations    | 4 5 |  5.8
Fighting       | 4 6 |  6.0
Armour         | 1 |  1.4
Dodging        | |  2.4

Action                     |  1- 3 |  4- 6 |  7- 9 | 10-12 || total
---------------------------+-------+-------+-------+-------++-------
  Melee: Unarmed           |   102 |    65 |   204 |   143 ||   514
  Throw: Stone             |    21 |     6 |       |       ||    27
         Dart              |       |    18 |   107 |    36 ||   161
         Boomerang         |       |       |    17 |   136 ||   153
 Invoke: Heroism           |       |       |     1 |     5 ||     6
    Use: Potion            |     1 |     4 |     8 |     1 ||    14
         Scroll            |       |     8 |    10 |     5 ||    23
   Stab: Sleeping          |       |       |     1 |       ||     1
 Armour: Robe              |    41 |    17 |    34 |    12 ||   104
         Acid dragon scale |       |       |       |    13 ||    13
  Dodge: Dodged            |    36 |    23 |    78 |    39 ||   176
  Block: Kite shield       |    28 |    25 |    78 |    58 ||   189

Table legend: (Time is in decaauts)
 A = Elapsed time spent in this place.
 B = Non-inter-level travel time spent in this place.
 C = Inter-level travel time spent in this place.
 D = Time resting spent in this place.
 E = Time spent auto-exploring this place.
 F = Levels seen in this place.
 G = Mean time per level.
                   A        B        C        D        E       F      G
               +--------+--------+--------+--------+--------+-----+--------+
         Total |   8641 |   8280 |    361 |    155 |   6354 |  14 |  617.2 |
       Dungeon |   7767 |   7438 |    329 |    116 |   5828 |  10 |  776.7 |
        Temple |    100 |     68 |     32 |      0 |     58 |   1 |  100.0 |
         Abyss |    217 |    217 |      0 |      0 |    144 |   2 |  108.5 |
        Bailey |    555 |    555 |      0 |     39 |    324 |   1 |  555.0 |
               +--------+--------+--------+--------+--------+-----+--------+

Top non-repeatable levels by time:
     D:7: 1176 daAuts
     D:6: 1092 daAuts
     D:4: 984 daAuts
     D:9: 918 daAuts
     D:2: 827 daAuts
     D:5: 722 daAuts
     D:3: 692 daAuts
     D:1: 644 daAuts
     D:8: 591 daAuts
  Bailey: 555 daAuts
 Abyss:2: 200 daAuts
    D:10: 117 daAuts
  Temple: 100 daAuts
 Abyss:3: 16 daAuts
